 Dungeon Sprint DCSS version 0.28-a0-21-gf74fda84f9 (webtiles) character file.

Game seed: 13239305181318102665

166099 MisterAzrael the Conqueror (level 16, -9/167 HPs)
             Began as a Formicid Fighter on July 27, 2021.
             Was the Champion of Ru.
             Killed by divine providence
             ... invoked by a mummy priest
              (12 damage)
             ... in the Dungeon (Sprint V: "Ziggurat Sprint").
             The game lasted 00:17:10 (3735 turns).

MisterAzrael the Conqueror (Formicid Fighter)       Turns: 3735, Time: 00:17:11

Health: -9/167     AC: 40    Str: 38    XL:     16   Next: 52%
Magic:  8/16       EV: 20    Int: 12    God:    Ru [******]
Gold:   0          SH: 38    Dex: 10    Spells: 15/15 levels left

rFire   . . .      SeeInvis +   t - +7 Screaming Sword {vorpal, sonic wave}
rCold   + + .      Faith    .   r - +18 shield of the Gong {rElec rN+ Will+ EV-5}
rNeg    + . .      Spirit   .   q - +15 Maxwell's patent armour {-Cast -Tele rElec Will+ rCorr}
rPois   +          Reflect  .   (helmet unavailable)
rElec   +          Harm     .   a - +1 cloak "Qaugrodd" {rElec rPois rC++ Will+}
rCorr   +          Rampage  .   (no gloves)
Will    ++++.      NoCast   +   (no boots)
Stlth   ..........              S - amulet of Soptud {Acrobat Int+2 Slay+5}
HPRegen 0.00/turn               z - +6 ring of strength
MPRegen 0.15/turn               A - +6 ring of strength

@: exhausted, acrobatic, inhibited regen, studying Staves
A: permanent stasis, dig shafts and tunnels, antennae 3, inhibited regeneration,
no stealth, hated by all, inability to train dodging, no earth magic, no
translocations magic, no transmutations magic, inexperienced 1, four strong arms
a: Dig, Renounce Religion, Draw Out Power, Power Leap, Apocalypse


You were in the Dungeon.
You worshipped Ru.
Ru was exalted by your worship.
You visited 1 branch

Inventory:

Hand Weapons
 t - the +7 Screaming Sword (weapon) {vorpal, sonic wave}
   (You found it in the Dungeon)

   It inflicts extra damage upon your enemies.
   It radiates damaging sonic waves as it strikes, especially in combat
   involving dangerous or numerous foes.
Armour
 a - the +1 cloak "Qaugrodd" (worn) {rElec rPois rC++ Will+}
   (You found it in the Dungeon)

   rC:        It greatly protects you from cold.
   rElec:     It insulates you from electricity.
   rPois:     It protects you from poison.
   Will:      It increases your willpower.
 b - a +0 scale mail
 c - a +0 kite shield
 k - a +1 cloak of poison resistance
 q - the +15 Maxwell's patent armour (worn) {-Cast -Tele rElec Will+ rCorr}
   (You found it in the Dungeon)

   rElec:     It insulates you from electricity.
   -Cast:     It prevents spellcasting.
   -Tele:     It prevents most forms of teleportation.
   rCorr:     It protects you from acid and corrosion.
   Will:      It increases your willpower.
 r - the +18 shield of the Gong (worn) {rElec rN+ Will+ EV-5}
   (You found it in the Dungeon)

   It is deafeningly noisy when blocking attacks.
   EV:        It affects your evasion (-5).
   rElec:     It insulates you from electricity.
   rN:        It protects you from negative energy.
   Will:      It increases your willpower.
 W - the +8 plate armour "Qih Reg" {Harm *Slow +Inv Fly}
   (You found it in the Dungeon)

   +Inv:      It lets you turn invisible.
   Fly:       It grants you flight.
   *Slow:     It may slow you when you take damage.
   Harm:      It increases damage dealt and taken.
Jewellery
 f - an amulet of magic regeneration
 s - the ring of the Mage {Wiz Will++ Int+3}
   (You found it in the Dungeon)

   [ring of wizardry]

   It improves your spell success rate.
   Int:       It affects your intelligence (+3).
   Will:      It greatly increases your willpower.
 u - a ring of flight
 v - a +6 ring of dexterity
 w - a +6 ring of dexterity
 x - a +6 ring of intelligence
 y - a +6 ring of intelligence
 z - a +6 ring of strength (left hand)
 A - a +6 ring of strength (right hand)
 F - a ring of willpower
 H - a ring of protection from fire
 I - an amulet of the acrobat
 K - an amulet of regeneration
 L - a +6 ring of strength
 M - a +6 ring of dexterity
 N - an amulet of reflection
 O - a ring of willpower
 P - a ring of wizardry
 Q - the ring "Resuim" {*Slow Int+6 Dex+5}
   (You found it in the Dungeon)

   [ring of intelligence]

   Int:       It affects your intelligence (+6).
   Dex:       It affects your dexterity (+5).
   *Slow:     It may slow you when you take damage.
 R - a +4 ring of protection
 S - the amulet of Soptud (around neck) {Acrobat Int+2 Slay+5}
   (You found it in the Dungeon)

   [amulet of the acrobat]

   It increases your evasion while moving and waiting.
   Int:       It affects your intelligence (+2).
   Slay:      It affects your accuracy & damage with ranged weapons and melee
   (+5).
 T - an amulet of faith
 X - the amulet of the Kraken {Acrobat Harm rN+ MP+9}
   (You found it in the Dungeon)

   [amulet of the acrobat]

   It increases your evasion while moving and waiting.
   rN:        It protects you from negative energy.
   MP:        It affects your magic capacity (+9).
   Harm:      It increases damage dealt and taken.
 Y - a ring of wizardry
 Z - a ring of ice
Wands
 B - a wand of mindburst (7)
 C - a wand of iceblast (7)
 D - a wand of acid (3) (quivered)
Scrolls
 l - 4 scrolls of amnesia
 m - 7 scrolls of fog
 n - a scroll of holy word
 o - 5 scrolls of identify
Potions
 d - 5 potions of might
 e - 5 potions of curing
 g - 6 potions of magic
 h - 2 potions of brilliance
 i - 2 potions of invisibility
 j - 3 potions of resistance
Miscellaneous
 p - a box of beasts
 E - a lightning rod (4/4)
 G - a piece from Xom's chessboard (15/15)
 J - a tin of tremorstones (2/2)
 U - a piece from Xom's chessboard (15/15)
 V - a tin of tremorstones (2/2)


   Skills:
 O Level 27 Fighting
 O Level 27 Long Blades
 - Level 2.0 Axes
 O Level 27 Armour
 O Level 27 Shields
 + Level 19.9 Evocations


You had 15 spell levels left.
You didn't know any spells.
Your spell library contained the following spells:

 Spells                   Type           Power      Damage    Failure   Level
 Foxfire                  Conj/Fire      0%         2x1d4     58%         1
 Freeze                   Ice            0%         1d3       58%         1
 Corpse Rot               Necr/Air       N/A        N/A       73%         2
 Ensorcelled Hibernation  Hex/Ice        0%         N/A       73%         2
 Poisonous Vapours        Pois/Air       0%         N/A       73%         2
 Static Discharge         Conj/Air       0%         N/A       73%         2
 Sublimation of Blood     Necr           0%         N/A       73%         2
 Conjure Flame            Conj/Fire      0%         6-21      91%         3
 Frozen Ramparts          Ice            0%         1d2       91%         3
 Inner Flame              Hex/Fire       0%         N/A       91%         3
 Ozocubu's Armour         Ice            0%         N/A       91%         3
 Hailstorm                Conj/Ice       0%         3d3       100%        4
 Olgreb's Toxic Radiance  Pois           0%         N/A       100%        4
 Excruciating Wounds      Necr           0%         N/A       100%        5
 Fireball                 Conj/Fire      0%         3d3       100%        5
 Freezing Cloud           Conj/Ice/Air   0%         6-21      100%        5
 Lightning Bolt           Conj/Air       0%         1d11      100%        5
 Metabolic Englaciation   Hex/Ice        0%         N/A       100%        5
 Silence                  Hex/Air        0%         N/A       100%        5
 Starburst                Conj/Fire      0%         8x6d3     100%        6
 Orb of Destruction       Conj           0%         N/A       100%        7
 Ozocubu's Refrigeration  Ice            0%         4d5       100%        7
 Ignition                 Fire           0%         3d3       100%        8
 Maxwell's Capacitive Co  Air            0%         ∞         100%        8
 Polar Vortex             Ice            0%         N/A       100%        9
 Wereblood                Tmut           Unusable   N/A       N/A         2
 Animate Dead             Necr           Unusable   N/A       N/A         4
 Summon Lightning Spire   Summ/Air       Unusable   N/A       N/A         4
 Alistair's Intoxication  Tmut/Pois      Unusable   N/A       N/A         5
 Bolt of Magma            Conj/Fire/Erth Unusable   4d4       N/A         5
 Borgnjor's Vile Clutch   Necr/Erth      Unusable   N/A       N/A         5
 Iron Shot                Conj/Erth      Unusable   9d1       N/A         6
 Simulacrum               Ice/Necr       Unusable   N/A       N/A         6
 Dragon Form              Tmut           Unusable   N/A       N/A         7
 Summon Hydra             Summ           Unusable   N/A       N/A         7

Dungeon Overview and Level Annotations

Branches:
Dungeon (1/1)

Altars:
Ashenzari
Cheibriados
Dithmenos
Elyvilon
Fedhas
Gozag
Hepliaklqana
Kikubaaqudgha
Makhleb
Nemelex Xobeh
Okawaru
Qazlal
Ru
Sif Muna
Trog
Uskayaw
Vehumet
Wu Jian
Xom
Yredelemnul
Zin
The Shining One
Beogh
Jiyva
Lugonu


Innate Abilities, Weirdness & Mutations

You cannot be hasted, slowed, berserked, paralysed or teleported.
You can dig through walls and to a lower floor.
You have a pair of large antennae on your head. (SInv)
You do not regenerate when monsters are visible.
You cannot be stealthy.
You are hated by all.
You cannot train Dodging skill.
You cannot study or cast Earth magic.
You cannot study or cast Translocations magic.
You cannot study or cast Transmutations magic.
You are somewhat inexperienced. (-2 XL)
Your four strong arms can wield two-handed weapons with a shield.


Message History

You feel extremely nervous for a moment...
Pain shoots through your body.
You feel extremely nervous for a moment...
Your body is wracked with pain!
* * * LOW HITPOINT WARNING * * *
You are engulfed in dark miasma.
You are lethally poisoned!
* * * LOW HITPOINT WARNING * * *
x2 You feel extremely sick.
A ball python skeleton comes into view.
A flying skull comes into view.
The royal mummy falters for a moment.
An ushabti comes into view. x2
Your life force feels restored.
Your Evocations skill increases to level 19!
* * * LOW HITPOINT WARNING * * *
You feel extremely sick.
A death scarab comes into view.
A mummy priest comes into view.
The ushabti shakes and rattles.
The vile air hits you but does no damage.
A flying skull comes into view.
You see here a death scarab corpse.
You feel better.
You are engulfed in dark miasma.
* * * LOW HITPOINT WARNING * * *
The ushabti shakes and rattles deafeningly!
You redirect the mummy priest's attack!
A mummy comes into view.
You feel better.
You are engulfed in dark miasma.
Your stasis prevents you from being slowed.
* * * LOW HITPOINT WARNING * * *
You block the death scarab's attack.
GONNNNG!
The death scarab barely misses you.
The royal mummy begins to cast a spell, but is stunned by your conviction!
A ball python skeleton comes into view.
The ushabti shakes and rattles.
The vile air hits the royal mummy but does no damage.
The vile air hits you but does no damage.
The mummy priest calls down the wrath of its god upon you.
Something smites you!
You die... { { { { { {{{{{{{{

})M[:[::)):)Z||.▓
=})8○M:"::|.M[=.▓
...M○.M..Z8.....▓
.....°..z.......▓
.....°○.........▓
.......M........▓
......°.Bz......▓
.......°○@......▓
..........☼.....▓
........○.......▓
................▓
................▓
................▓
................▓
................▓
.......©.......


You could see a royal mummy, a mummy priest, 3 guardian mummies, 2 ushabtiu, a
death scarab, 2 flying skulls, a mummy and 2 ball python skeletons.

Vanquished Creatures
  2 royal mummies (D)
  A caustic shrike (shapeshifter) (D)
  An iron giant (shapeshifter) (D)
  4 deep elf blademasters (D)
  A lich (D)
  An acid blob (shapeshifter) (D)
  3 deep elf master archers (D)
  A death cob (D)
  Gastronok (D)
  A shadow dragon (D)
  A fenstrider witch (shapeshifter) (D)
  A rockslime (shapeshifter) (D)
  A fire giant (shapeshifter) (D)
  A draconian knight (D)
  4 deep elf sorcerers (D)
  10 ghost moths (D)
  A draconian stormcaller (D)
  A quicksilver ooze (shapeshifter) (D)
  7 green draconians (D)
  3 stone giants (D)
  4 red draconians (D)
  3 deep elf annihilators (D)
  7 yellow draconians (D)
  An entropy weaver (D)
  8 black draconians (D)
  2 spark wasps (D)
  6 white draconians (D)
  4 purple draconians (D)
  Snorg (D)
  2 deep elf high priests (D)
  6 mummy priests (D)
  A yaktaur captain (D)
  A great orb of eyes (shapeshifter) (D)
  15 vault guards (D)
  A catoblepas (D)
  A catoblepas (shapeshifter) (D)
  4 dancing weapons (D)
  A two-headed ogre (shapeshifter) (D)
  4 death scarabs (D)
  A death yak (D)
  Sonja (D)
  4 deep elf knights (D)
  A sea snake (shapeshifter) (D)
  2 deep trolls (shapeshifter) (D)
  A deep elf archer (D)
  2 lindwurms (shapeshifter) (D)
  A swamp dragon (shapeshifter) (D)
  3 deep elf zephyrmancers (D)
  5 orb spiders (D)
  3 deep elf pyromancers (D)
  2 mana vipers (shapeshifter) (D)
  An orc sorcerer (D)
  A cyclops (D)
  5 wolf spiders (D)
  3 moths of wrath (D)
  A wolf spider (shapeshifter) (D)
  A cyclops (shapeshifter) (D)
  4 draconians (D)
  An eye of devastation (shapeshifter) (D)
  3 black mambas (D)
  A torpor snail (D)
  3 cane toads (D)
  Psyche (D)
  A komodo dragon (shapeshifter) (D)
  A rime drake (shapeshifter) (D)
  A yaktaur (shapeshifter) (D)
  2 rime drakes (D)
  5 yaktaurs (D)
  4 demonic crawlers (D)
  2 tormentors (D)
  3 komodo dragons (D)
  2 tyrant leeches (shapeshifter) (D)
  A merfolk (shapeshifter) (D)
  A red devil (D)
  10 guardian mummies (D)
  8 jumping spiders (D)
  3 hornets (D)
  A meliai (shapeshifter) (D)
  A polar bear (D)
  A dream sheep (D)
  A snapping turtle (shapeshifter) (D)
  A blink frog (D)
  9 redbacks (D)
  7 tarantellas (D)
  7 flying skulls (D)
  2 redbacks (shapeshifter) (D)
  2 shadows (D)
  4 yaks (D)
  A water elemental (D)
  A basilisk (shapeshifter) (D)
  2 basilisks (D)
  2 fire elementals (D)
  6 ushabtiu (D)
  3 hell hounds (D)
  Duvessa (D)
  2 water moccasins (D)
  An orc warrior (D)
  2 necrophages (D)
  3 wolves (D)
  3 centaurs (D)
  2 bullfrogs (D)
  2 scorpions (D)
  2 wights (D)
  A howler monkey (shapeshifter) (D)
  A quasit (D)
  2 orc priests (D)
  2 iguanas (D)
  Jessica (D)
  Crazy Yiuf (D)
  Ijyb (D)
  5 orc wizards (D)
  16 mummies (D)
  A river rat (D)
  2 shadow imps (D)
  2 adder zombies (D)
  3 adder skeletons (D)
  3 orcs (D)
  2 bat zombies (D)
  3 ball python zombies (D)
  A giant cockroach zombie (D)
  A jackal skeleton (D)
  3 jackal zombies (D)
  A quokka skeleton (D)
334 creatures vanquished.

Vanquished Creatures (others)
  A draconian shifter (D)
  A purple draconian (D)
  A black draconian (D)
  A green draconian (D)
  A yellow draconian (D)
  A white draconian (D)
  A hornet (D)
  A tarantella (D)
8 creatures vanquished.

Grand Total: 342 creatures vanquished

Notes
Turn   | Place    | Note
-------+----------+-------------------------------------------
     0 | D        | MisterAzrael the Formicid Fighter began the quest for the
                  | Orb.
     0 | D        | Reached XP level 1. HP: 18/18 MP: 1/1
     0 | D        | Found a shimmering blue altar of Sif Muna.
     0 | D        | Found a bloodstained altar of Trog.
     0 | D        | Found a sacrificial altar of Ru.
     0 | D        | Found a stormy altar of Qazlal.
     0 | D        | Found an iron altar of Okawaru.
     1 | D        | Found a sparkling altar of Nemelex Xobeh.
     1 | D        | Found a blossoming altar of Fedhas.
     2 | D        | Found the +6 Majin-Bo {vamp, MP+6 Int+6}
     2 | D        | Found the +9 heavy crossbow "Sniper" {vorpal, Acc+∞ SInv}
     2 | D        | Found the +10 dark maul {vorpal}
     2 | D        | Found the +15 Maxwell's patent armour {-Cast -Tele rElec
                  | Will+ rCorr}
     2 | D        | Found the +18 shield of the Gong {rElec rN+ Will+ EV-5}
     2 | D        | Found the +14 obsidian axe {vorpal, Drain Fly SInv}
     2 | D        | Found the +7 great mace "Firestarter" {inner flame, rF++}
     2 | D        | Found the +6 shillelagh "Devastator" {shatter}
     2 | D        | Found the +11 plutonium sword {Contam Stlth-}
     2 | D        | Found the +8 lance "Wyrmbane" {slay drac, rPois rF+ rC+
                  | AC+3}
     2 | D        | Found the +9 sword of Zonguldrok {reap}
     2 | D        | Found the +13 scythe of Curses {drain, Drain}
     2 | D        | Found the +5 sword of Power {vorpal}
     2 | D        | Found the +7 mace of Variability {chain chaos}
     2 | D        | Found the +7 Singing Sword {vorpal, sonic wave}
     2 | D        | Found the +8 storm bow {elec, penet}
     3 | D        | Found a transporter.
     3 | D        | Found an ancient bone altar of Kikubaaqudgha.
     3 | D        | Found a viscous altar of Jiyva.
     3 | D        | Found a corrupted altar of Lugonu.
     3 | D        | Found a hazy altar of Hepliaklqana.
     3 | D        | Found a burning altar of Makhleb.
     3 | D        | Found an opulent altar of Gozag.
    48 | D        | Became a worshipper of Ru the Awakened
    73 | D        | Reached skill level 5 in Shields
    73 | D        | Reached XP level 2. HP: 28/28 MP: 2/2
    79 | D        | Entered arena 2.
    79 | D        | Noticed a yaktaur
    79 | D        | Noticed a yaktaur
    79 | D        | Found a transporter.
    83 | D        | Killed a yaktaur
    84 | D        | Reached skill level 5 in Long Blades
    84 | D        | Reached XP level 3. HP: 32/40 MP: 3/3
    84 | D        | Reached XP level 4. HP: 36/46 MP: 4/4
    84 | D        | Reached XP level 5. HP: 41/52 MP: 5/5
    84 | D        | Reached XP level 6. HP: 47/59 MP: 6/6
    86 | D        | Killed a yaktaur
    87 | D        | Reached XP level 7. HP: 55/68 MP: 7/7
   159 | D        | Entered arena 3.
   159 | D        | Found a transporter.
   177 | D        | Entered arena 4.
   177 | D        | Found a transporter.
   183 | D        | Reached XP level 8. HP: 45/76 MP: 8/8
   188 | D        | Gained mutation: You cannot train Dodging skill. [Ru
                  | sacrifice]
   188 | D        | Reached * piety under Ru
   326 | D        | Entered arena 5.
   326 | D        | Found a transporter.
   333 | D        | Reached skill level 10 in Shields
   347 | D        | Entered arena 6.
   347 | D        | Noticed a jumping spider
   347 | D        | Noticed a tarantella
   347 | D        | Noticed a jumping spider
   347 | D        | Found a transporter.
   362 | D        | Killed a tarantella
   364 | D        | Killed a jumping spider
   365 | D        | Reached XP level 9. HP: 82/85 MP: 9/9
   372 | D        | Killed a jumping spider
   373 | D        | Reached skill level 10 in Armour
   391 | D        | Got Roxanne's Catalogue of the Rocks and Moulding
   394 | D        | Entered arena 7.
   394 | D        | Noticed a yaktaur
   394 | D        | Noticed a cyclops
   394 | D        | Noticed a yaktaur captain
   395 | D        | Found a transporter.
   402 | D        | Killed a cyclops
   404 | D        | Killed a yaktaur captain
   405 | D        | Reached skill level 15 in Fighting
   405 | D        | Reached skill level 10 in Long Blades
   405 | D        | Reached XP level 10. HP: 96/96 MP: 10/10
   406 | D        | Killed a yaktaur
   415 | D        | Gained mutation: You are hated by all. [Ru sacrifice]
   415 | D        | Reached ** piety under Ru
   415 | D        | Reached *** piety under Ru
   429 | D        | Entered arena 8.
   429 | D        | Noticed a +0 flail of protection
   429 | D        | Noticed a deep elf zephyrmancer
   429 | D        | Noticed a deep elf knight
   429 | D        | Noticed a +2 vorpal long sword
   429 | D        | Noticed a deep elf archer
   430 | D        | Identified the +3 short sword "Apteah" {pain, rC+ rN++
                  | Int+3 SInv}
   430 | D        | Found a transporter.
   431 | D        | Killed a +2 vorpal long sword
   432 | D        | Killed a +0 flail of protection
   434 | D        | Killed a deep elf knight
   436 | D        | Killed a deep elf zephyrmancer
   437 | D        | Reached XP level 11. HP: 79/109 MP: 11/11
   437 | D        | Killed a deep elf archer
   547 | D        | Entered arena 9.
   548 | D        | Found a transporter.
   557 | D        | Got the Volume of Cold
   575 | D        | Entered arena 10.
   575 | D        | Noticed a draconian
   575 | D        | Noticed a white draconian
   575 | D        | Noticed a yellow draconian
   575 | D        | Noticed a draconian
   575 | D        | Noticed a green draconian
   575 | D        | Noticed a death cob
   575 | D        | Noticed a draconian
   575 | D        | Noticed a draconian
   576 | D        | Found a transporter.
   579 | D        | Killed a death cob
   580 | D        | Killed a draconian
   580 | D        | Killed a draconian
   581 | D        | Killed a draconian
   582 | D        | Killed a white draconian
   583 | D        | Killed a draconian
   584 | D        | Reached skill level 15 in Shields
   587 | D        | Killed a yellow draconian
   588 | D        | Reached XP level 12. HP: 61/122 MP: 12/12
   588 | D        | Killed a green draconian
   591 | D        | Gained mutation: You are somewhat inexperienced. (-2 XL)
                  | [Ru sacrifice]
   591 | D        | Reached XP level 11. HP: 65/115 MP: 11/11
   591 | D        | Reached XP level 10. HP: 65/108 MP: 10/10
   591 | D        | Reached **** piety under Ru
   595 | D        | Got the ring "Resuim" {*Slow Int+6 Dex+5}
   601 | D        | Got the amulet of Soptud {Acrobat Int+2 Slay+5}
   689 | D        | Got Beatipeo's Tome of Feathers
   691 | D        | Got the Reference Book on the Hurtful Arsonist
   695 | D        | Entered arena 11.
   696 | D        | Found a transporter.
   720 | D        | Entered arena 12.
   720 | D        | Noticed a red draconian
   720 | D        | Noticed a white draconian
   720 | D        | Noticed a purple draconian
   720 | D        | Noticed a green draconian
   720 | D        | Noticed a red draconian
   720 | D        | Noticed a purple draconian
   720 | D        | Noticed a yellow draconian
   721 | D        | Noticed a purple draconian
   721 | D        | Noticed a yellow draconian stormcaller
   721 | D        | Identified the ring "Fihiep" {AC+4 Dex+4}
   721 | D        | Noticed a black draconian
   722 | D        | Found a transporter.
   734 | D        | Killed a purple draconian
   734 | D        | Killed a green draconian
   735 | D        | Noticed a death drake
   735 | D        | Killed a purple draconian
   735 | D        | Killed a white draconian
   736 | D        | Killed a red draconian
   736 | D        | Killed a red draconian
   736 | D        | Killed a yellow draconian
   737 | D        | Reached skill level 15 in Armour
   737 | D        | Killed a yellow draconian stormcaller
   738 | D        | Killed a black draconian
   739 | D        | Reached XP level 11. HP: 43/118 MP: 11/11
   742 | D        | Killed a purple draconian
  1069 | D        | Gained mutation: You do not regenerate when monsters are
                  | visible. [Ru sacrifice]
  1069 | D        | Reached ***** piety under Ru
  1082 | D        | Got the +8 plate armour "Qih Reg" {Harm *Slow +Inv Fly}
  1087 | D        | Entered arena 13.
  1087 | D        | Noticed a yellow draconian
  1087 | D        | Noticed a yellow draconian
  1087 | D        | Noticed a green draconian
  1087 | D        | Noticed a black draconian
  1087 | D        | Noticed a white draconian
  1087 | D        | Noticed a white draconian
  1087 | D        | Noticed a black draconian
  1087 | D        | Noticed a green draconian
  1087 | D        | Noticed a yellow draconian
  1088 | D        | Noticed a white draconian
  1088 | D        | Identified the +7 demon blade of Dividends {vamp, rPois
                  | rC+}
  1088 | D        | Noticed a red draconian
  1089 | D        | Found a transporter.
  1094 | D        | Killed a black draconian
  1095 | D        | Killed a yellow draconian
  1096 | D        | Killed a white draconian
  1098 | D        | Killed a white draconian
  1100 | D        | Killed a yellow draconian
  1103 | D        | Killed a white draconian
  1104 | D        | Killed a green draconian
  1104 | D        | Killed a black draconian
  1104 | D        | Killed a green draconian
  1105 | D        | Reached skill level 15 in Long Blades
  1105 | D        | Killed a red draconian
  1107 | D        | Killed a yellow draconian
  1485 | D        | Entered arena 14.
  1487 | D        | Found the +6 arbalest "Damnation" {damnation}
  1487 | D        | Noticed a mummy priest
  1487 | D        | Noticed a royal mummy
  1487 | D        | Noticed a mummy priest
  1488 | D        | Found a transporter.
  1492 | D        | Killed a mummy priest
  1492 | D        | Killed a mummy priest
  1498 | D        | Killed a royal mummy
  1499 | D        | Reached XP level 12. HP: 62/131 MP: 4/12
  1500 | D        | Got the amulet of the Kraken {Acrobat Harm rN+ MP+9}
  1513 | D        | Gained mutation: You cannot study or cast Earth magic. [Ru
                  | sacrifice]
  1513 | D        | Gained mutation: You cannot study or cast Transmutations
                  | magic. [Ru sacrifice]
  1513 | D        | Gained mutation: You cannot study or cast Translocations
                  | magic. [Ru sacrifice]
  1720 | D        | Entered arena 15.
  1721 | D        | Noticed Ijyb
  1721 | D        | Noticed Crazy Yiuf
  1721 | D        | Noticed Gastronok
  1721 | D        | Noticed Snorg
  1721 | D        | Noticed Sonja
  1722 | D        | Noticed Duvessa
  1722 | D        | Noticed Jessica
  1722 | D        | Noticed Psyche
  1723 | D        | Found a transporter.
  1724 | D        | Killed Sonja
  1724 | D        | Killed Crazy Yiuf
  1724 | D        | Killed Ijyb
  1724 | D        | Killed Duvessa
  1724 | D        | Killed Jessica
  1724 | D        | Killed Psyche
  1729 | D        | Killed Snorg
  1737 | D        | Killed Gastronok
  1749 | D        | Got the Handbook of Sinister Magic
  1754 | D        | Entered arena 16.
  1755 | D        | Noticed a royal mummy
  1757 | D        | Found a transporter.
  1765 | D        | Killed a royal mummy
  1779 | D        | Gained mutation: You cannot be stealthy. [Ru sacrifice]
  1779 | D        | Reached ****** piety under Ru
  2043 | D        | Entered arena 17.
  2047 | D        | Identified the +7 chain mail of Polish {-Cast Rampage rElec
                  | Slay+6}
  2048 | D        | Found a transporter.
  2086 | D        | Got the Reference Book on the Snowflakes
  2353 | D        | Entered arena 18.
  2358 | D        | Found a transporter.
  2360 | D        | Reached XP level 13. HP: 122/142 MP: 4/13
  2378 | D        | Entered arena 19.
  2381 | D        | Noticed a green draconian shifter
  2382 | D        | Identified the +4 dire flail of the Harvest {flame, rElec
                  | Will- Str+3 Dex+7}
  2382 | D        | Noticed a purple draconian knight
  2383 | D        | Found a transporter.
  2400 | D        | Reached skill level 27 in Fighting
  2400 | D        | Killed a green draconian shifter
  2404 | D        | Killed a purple draconian knight
  2889 | D        | Entered arena 20.
  2894 | D        | Noticed a stone giant
  2894 | D        | Noticed a stone giant
  2894 | D        | Noticed a shadow dragon
  2895 | D        | Found the amulet of the Air {Inacc Air Fly rElec RMsl}
  2895 | D        | Noticed a lich
  2895 | D        | Identified the +10 great sword "Ogre's Demise" {freeze,
                  | +Rage}
  2895 | D        | Noticed a stone giant
  2896 | D        | Found a transporter.
  2897 | D        | Killed a stone giant
  2897 | D        | Killed a lich
  2901 | D        | Reached XP level 14. HP: 131/153 MP: 5/14
  2906 | D        | Killed a shadow dragon
  3030 | D        | Entered arena 21.
  3035 | D        | Found the ring of the Mage {Wiz Will++ Int+3}
  3037 | D        | Found the ring of the Hare {EV+8}
  3039 | D        | Found a transporter.
  3057 | D        | Got the +1 cloak "Qaugrodd" {rElec rPois rC++ Will+}
  3095 | D        | Entered arena 22.
  3099 | D        | Noticed a deep elf sorcerer
  3099 | D        | Noticed a deep elf sorcerer
  3099 | D        | Noticed a deep elf blademaster
  3099 | D        | Noticed a deep elf blademaster
  3100 | D        | Noticed a deep elf master archer
  3100 | D        | Noticed a deep elf sorcerer
  3100 | D        | Noticed a deep elf master archer
  3100 | D        | Noticed a deep elf blademaster
  3100 | D        | Noticed a deep elf blademaster
  3100 | D        | Noticed a deep elf master archer
  3100 | D        | Identified the +3 halberd of Nemelex Xobeh's Hope {vorpal,
                  | Int+3}
  3100 | D        | Noticed a deep elf sorcerer
  3103 | D        | Killed a deep elf sorcerer
  3104 | D        | Killed a deep elf blademaster
  3106 | D        | Killed a deep elf master archer
  3106 | D        | Killed a deep elf sorcerer
  3106 | D        | Killed a deep elf sorcerer
  3106 | D        | Killed a deep elf blademaster
  3107 | D        | Reached XP level 15. HP: 136/159 MP: 6/15
  3109 | D        | Killed a deep elf master archer
  3109 | D        | Killed a deep elf blademaster
  3110 | D        | Killed a deep elf blademaster
  3111 | D        | Found a transporter.
  3116 | D        | Killed a deep elf master archer
  3308 | D        | Entered arena 23.
  3314 | D        | Noticed a juggernaut
  3314 | D        | Noticed a storm dragon
  3314 | D        | an entropy weaver changed into a storm dragon
  3315 | D        | Noticed an acid blob
  3315 | D        | Noticed a juggernaut
  3315 | D        | a rockslime changed into a juggernaut
  3316 | D        | Noticed a shard shrike
  3316 | D        | Noticed a shadow dragon
  3316 | D        | an acid blob changed into a shadow dragon
  3316 | D        | Noticed an acid blob
  3316 | D        | a juggernaut changed into an acid blob
  3317 | D        | Found a transporter.
  3317 | D        | Noticed a juggernaut
  3317 | D        | a shard shrike changed into a juggernaut
  3317 | D        | a storm dragon changed into a death yak
  3318 | D        | a shadow dragon changed into a fire giant
  3318 | D        | Noticed a shard shrike
  3318 | D        | a glowing shapeshifter changed into a shard shrike
  3319 | D        | Reached skill level 27 in Shields
  3319 | D        | Killed an acid blob
  3320 | D        | Reached skill level 27 in Armour
  3320 | D        | Noticed an iron giant
  3320 | D        | a shard shrike changed into an iron giant
  3321 | D        | Noticed an acid blob
  3321 | D        | an iron giant changed into an acid blob
  3321 | D        | Noticed a shard shrike
  3321 | D        | a juggernaut changed into a shard shrike
  3323 | D        | Noticed a caustic shrike
  3323 | D        | an acid blob changed into a caustic shrike
  3323 | D        | Noticed a titan
  3323 | D        | a shard shrike changed into a titan
  3324 | D        | a titan changed into a rockslime
  3325 | D        | Noticed an iron giant
  3325 | D        | a rockslime changed into an iron giant
  3329 | D        | Killed a caustic shrike
  3331 | D        | Noticed a shard shrike
  3331 | D        | a juggernaut changed into a shard shrike
  3332 | D        | a shard shrike changed into a rockslime
  3335 | D        | Killed an iron giant
  3455 | D        | Entered arena 24.
  3464 | D        | Found the +2 shield of Resistance {rF++ rC++ Will++}
  3470 | D        | Reached skill level 27 in Long Blades
  3470 | D        | Reached XP level 16. HP: 100/167 MP: 0/16
  3479 | D        | Found a transporter.
  3721 | D        | Entered arena 25.
  3728 | D        | Noticed a royal mummy
  3729 | D        | Identified the +7 quarterstaff "Bocab" {flame, rF+ Will+}
  3729 | D        | Identified the ring "Nugemo" {Str+6 SInv}
  3730 | D        | Identified the +1 chain mail "Plog" {Rampage rPois rC-
                  | SInv}
  3732 | D        | HP: 1/167 [poison (dark miasma)]
  3735 | D        | Killed from afar by a mummy priest

Illustrated notes

Levels and vault maps discovered:
D:        sprint_v [room_start, room_1, room_2, room_3, room_4, room_5, room_6,
          room_7, room_8, room_9, room_10, room_11, room_12, room_13, room_14,
          room_15, room_16, room_17, room_18, room_19, room_20, room_21,
          room_22, room_23, room_24, room_25, room_26, room_27]

Skill      XL: |  1  2  3  4  5  6  7  8  9 10 11 12 13 14 15 16 |
---------------+-------------------------------------------------+-----
Fighting       | 6 9 11 13 15 22 24 26 27 | 27.0
Long Blades    | 3 5 6 7 8 10 14 16 17 19 22 27 | 27.0
Armour         | 4 7 8 9 11 15 17 19 21 25 27 | 27.0
Shields        | 5 7 9 10 12 16 18 20 22 26 27 | 27.0
Evocations     | 6 19 | 19.9
Axes           | |  2.0

Action                   |  1- 3 |  4- 6 |  7- 9 | 10-12 | 13-15 | 16-18 || total
-------------------------+-------+-------+-------+-------+-------+-------++-------
Melee: Double sword      |       |     2 |    36 |    82 |    68 |    13 ||   201
Invok: Sacrifice Nimblen |       |       |     1 |       |       |       ||     1
       Sacrifice Love    |       |       |       |     1 |       |       ||     1
       Sacrifice Experie |       |       |       |     1 |       |       ||     1
       Apocalypse        |       |       |       |     3 |     4 |     1 ||     8
       Power Leap        |       |       |       |     1 |       |       ||     1
       Sacrifice Purity  |       |       |       |     1 |       |       ||     1
       Draw Out Power    |       |       |       |     1 |     1 |       ||     2
       Sacrifice Stealth |       |       |       |     1 |       |       ||     1
       Sacrifice Arcana  |       |       |       |     1 |       |       ||     1
Evoke: Wand              |     4 |       |       |       |       |       ||     4
  Use: Potion            |     1 |       |     3 |    12 |     1 |     2 ||    19
       Scroll            |       |       |     1 |       |       |     1 ||     2
 Stab: Paralysed         |       |       |       |     6 |    13 |       ||    19
Armor: Plate armour      |       |       |    29 |    50 |    37 |    13 ||   129
Dodge: Dodged            |       |       |     4 |    13 |    19 |     6 ||    42
Block: Kite shield       |     6 |     2 |    89 |   146 |   126 |    36 ||   405
       Rpst.: Double sword |       |       |     3 |     1 |     2 |       ||     6

Table legend: (Time is in decaauts)
 A = Elapsed time spent in this place.
 B = Non-inter-level travel time spent in this place.
 C = Inter-level travel time spent in this place.
 D = Time resting spent in this place.
 E = Time spent auto-exploring this place.
 F = Levels seen in this place.
 G = Mean time per level.
                   A        B        C        D        E       F      G
               +--------+--------+--------+--------+--------+-----+--------+
         Total |   3697 |   3697 |      0 |   2750 |      0 |   1 | 3697.0 |
       Dungeon |   3697 |   3697 |      0 |   2750 |      0 |   1 | 3697.0 |
               +--------+--------+--------+--------+--------+-----+--------+

Top non-repeatable levels by time:
       D: 3697 daAuts
